 Dungeon Crawl Stone Soup version 0.28.0-43-g3370ac3207 (webtiles) character file.

Game seed: 6598949139346428208

370736 pkoi the Sorcerer (level 21, -6/124 HPs)
             Began as a Deep Elf Conjurer on Mar 7, 2022.
             Was a High Priest of Sif Muna.
             Mangled by a demonic crawler (11 damage)
             ... on level 1 of the Spider Nest on Mar 8, 2022.
             The game lasted 03:48:23 (92746 turns).

pkoi the Sorcerer (Deep Elf Conjurer)              Turns: 92746, Time: 03:48:24

Health: -6/124     AC:  7    Str:  4    XL:     21   Next: 99%
Magic:  48/48      EV: 10    Int: 48    God:    Sif Muna [*****.]
Gold:   5273       SH:  0    Dex: 16    Spells: 9/62 levels left

rFire   + . .      SeeInvis .   d - staff of conjuration
rCold   + . .      Faith    .   (no shield)
rNeg    . . .      Spirit   .   s - +2 robe {Archmagi}
rPois   .          Reflect  .   f - +0 hat of Snakes and Ladders {Int+3}
rElec   +          Harm     .   C - scarf {rC+ rF+}
rCorr   .          Rampage  .   n - +0 pair of gloves of the Several Knaves {rElec Int+4 Dex+3}
Will    ++...      Archmagi + + E - +0 pair of boots
Stlth   ++........              y - amulet of magic regeneration
HPRegen 0.30/turn               t - +6 ring of intelligence
MPRegen 0.71/turn               M - ring of the Mage {Wiz Archmagi}

@: confused, held
A: no striking features
}: 1/15 runes: decaying
a: Renounce Religion, Channel Magic, Forget Spell, Divine Exegesis


You were on level 1 of the Spider Nest.
You worshipped Sif Muna.
Sif Muna was extremely pleased with you.
You visited 9 branches of the dungeon, and saw 40 of its levels.
You also visited: Ice Cave and Volcano.

You collected 6596 gold pieces.
You spent 1323 gold pieces at shops.

Inventory:

Hand Weapons
 D - a +4 whip of flaming
Missiles
 k - 4 throwing nets
Armour
 f - the +0 hat of Snakes and Ladders (worn) {Int+3}
   (You acquired it on level 7 of the Dungeon)

   Int:       It affects your intelligence (+3).
 n - the +0 pair of gloves of the Several Knaves (worn) {rElec Int+4 Dex+3}
   (You acquired it on level 3 of the Lair of Beasts)

   Int:       It affects your intelligence (+4).
   Dex:       It affects your dexterity (+3).
   rElec:     It insulates you from electricity.
 s - a +2 robe of the Archmagi (worn)
 C - a scarf of resistance (worn)
 E - a +0 pair of boots (worn)
 I - the +5 ring mail "Lufiull" {*Corrode rPois rC+}
   (You took it off a human on level 13 of the Dungeon)

   rC:        It protects you from cold.
   rPois:     It protects you from poison.
   *Corrode:  It may corrode you when you take damage.
Magical Staves
 d - a staff of conjuration (weapon)
Jewellery
 g - a ring of flight
 i - a ring of poison resistance
 t - a +6 ring of intelligence (left hand)
 y - an amulet of magic regeneration (around neck)
 G - a ring of resist corrosion
 L - a ring of protection from fire
 M - the ring of the Mage (right hand) {Wiz Archmagi}
   (You found it in an ice cave)

   [ring of wizardry]

   It improves your spell success rate.
   Archmagi:  It increases the power of your magical spells.
 S - a ring of ice
 W - a ring of see invisible
Wands
 b - a wand of digging (16)
 e - a wand of acid (9)
 u - a wand of flame (57)
 v - a wand of polymorph (17)
 w - a wand of paralysis (43)
 B - a wand of iceblast (24)
 T - a wand of mindburst (8)
 U - a wand of charming (3)
Scrolls
 a - 4 scrolls of enchant armour
 j - 3 scrolls of magic mapping
 o - 5 scrolls of enchant weapon
 r - 3 scrolls of blinking
 z - 12 scrolls of teleportation
 J - 4 scrolls of amnesia
 K - 6 scrolls of fear
 P - 5 scrolls of summoning
 Q - 2 scrolls of holy word
 V - a scroll of fog
Potions
 c - 4 potions of cancellation
 h - 4 potions of haste
 l - 6 potions of invisibility
 m - 4 potions of brilliance
 p - 7 potions of might
 q - 13 potions of curing
 x - 3 potions of resistance
 A - 5 potions of flight
 F - 9 potions of heal wounds
 H - 10 potions of magic
 N - a potion of ambrosia
 O - 4 potions of berserk rage
Miscellaneous
 R - a phantom mirror


   Skills:
 - Level 10.9 Fighting
 - Level 3.0 Staves
 - Level 5.7 Armour
 - Level 15.0 Dodging
 - Level 13.0 Stealth
 - Level 21.1 Spellcasting
 + Level 17.1 Conjurations
 - Level 13.1 Hexes
 - Level 7.2 Summonings
 - Level 12.3 Translocations
 - Level 10.9 Fire Magic
 - Level 13.5 Ice Magic
 + Level 16.2 Air Magic
 - Level 10.2 Invocations
 - Level 3.0 Evocations


You had 9 spell levels left.
You knew the following spells:

 Your Spells              Type           Power      Damage    Failure   Level
a - Magic Dart            Conj           100%       1d8       0%          1
b - Dispersal             Tloc           77%        N/A       1%          6
c - Iskenderun's Mystic   Conj/Tloc      100%       2d19      0%          4
d - Fulminant Prism       Conj/Hex       95%        3d39      0%          4
e - Apportation           Tloc           100%       N/A       0%          1
f - Passage of Golubria   Tloc           100%       N/A       0%          4
g - Starburst             Conj/Fire      94%        6d23      1%          6
h - Orb of Destruction    Conj           99%        9d21      1%          7
i - Ozocubu's Refrigerat  Ice            79%        4d20      1%          7
j - Conjure Ball Lightni  Conj/Air       98%        3x3d37    1%          6
k - Iskenderun's Battles  Conj           100%       2d15      0%          5
l - Blink                 Tloc           100%       N/A       0%          2

Your spell library contained the following spells:

 Spells                   Type           Power      Damage    Failure   Level
 Foxfire                  Conj/Fire      100%       2x1d9     0%          1
 Freeze                   Ice            100%       1d11      0%          1
 Shock                    Conj/Air       100%       1d9       0%          1
 Slow                     Hex            100%       N/A       0%          1
 Summon Small Mammal      Summ           100%       N/A       0%          1
 Corpse Rot               Necr/Air       100%       N/A       0%          2
 Ensorcelled Hibernation  Hex/Ice        100%       N/A       0%          2
 Poisonous Vapours        Pois/Air       100%       N/A       0%          2
 Scorch                   Fire           100%       2d10      0%          2
 Searing Ray              Conj           100%       2d8       0%          2
 Static Discharge         Conj/Air       100%       N/A       0%          2
 Confusing Touch          Hex            100%       N/A       0%          3
 Dazzling Flash           Conj/Hex       100%       N/A       0%          3
 Frozen Ramparts          Ice            100%       1d12      0%          3
 Gell's Gravitas          Tloc           100%       N/A       0%          3
 Inner Flame              Hex/Fire       100%       N/A       0%          3
 Lesser Beckoning         Tloc           100%       N/A       0%          3
 Mephitic Cloud           Conj/Pois/Air  100%       N/A       0%          3
 Ozocubu's Armour         Ice            100%       N/A       0%          3
 Portal Projectile        Hex/Tloc       100%       N/A       0%          3
 Summon Guardian Golem    Hex/Summ       100%       N/A       0%          3
 Swiftness                Air            100%       N/A       0%          3
 Teleport Other           Tloc           100%       N/A       0%          3
 Tukima's Dance           Hex            100%       N/A       0%          3
 Airstrike                Air            84%        N/A       0%          4
 Cause Fear               Hex            79%        N/A       0%          4
 Flame Wave               Conj/Fire      100%       2d17      0%          4
 Hailstorm                Conj/Ice       100%       3d20      0%          4
 Sticky Flame             Conj/Fire      100%       2d11      0%          4
 Freezing Cloud           Conj/Ice/Air   96%        6-21      0%          5
 Lightning Bolt           Conj/Air       98%        1d128     0%          5
 Silence                  Hex/Air        81%        N/A       0%          5
 Beastly Appendage        Tmut           100%       N/A       1%          1
 Pain                     Necr           100%       1d9       1%          1
 Sandblast                Erth           100%       2d20      1%          1
 Sting                    Tmut/Pois      100%       1d8       1%          1
 Call Imp                 Summ           100%       N/A       1%          2
 Passwall                 Tmut/Erth      70%        N/A       1%          2
 Call Canine Familiar     Summ           100%       N/A       1%          3
 Ignite Poison            Fire/Tmut/Pois 100%       N/A       1%          3
 Spider Form              Tmut/Pois      85%        N/A       1%          3
 Vampiric Draining        Necr           85%        2d12      1%          3
 Anguish                  Hex/Necr       65%        N/A       1%          4
 Dispel Undead            Necr           85%        3d27      1%          4
 Leda's Liquefaction      Hex/Erth       65%        N/A       1%          4
 Petrify                  Tmut/Erth      85%        N/A       1%          4
 Summon Ice Beast         Ice/Summ       100%       N/A       1%          4
 Summon Lightning Spire   Summ/Air       100%       N/A       1%          4
 Fireball                 Conj/Fire      94%        3d34      1%          5
 Irradiate                Conj/Tmut      83%        3d41      1%          5
 Manifold Assault         Tloc           100%       N/A       1%          5
 Metabolic Englaciation   Hex/Ice        79%        N/A       1%          5
 Summon Forest            Summ/Tloc      72%        N/A       1%          5
 Summon Mana Viper        Hex/Summ       100%       N/A       1%          5
 Yara's Violent Unravell  Hex/Tmut       65%        3d24      1%          5
 Iron Shot                Conj/Erth      83%        9d15      1%          6
 Simulacrum               Ice/Necr       65%        N/A       1%          6
 Summon Cactus Giant      Summ           67%        N/A       1%          6
 Enfeeble                 Hex            79%        N/A       1%          7
 Malign Gateway           Summ/Tloc      72%        N/A       1%          7
 Spellforged Servitor     Conj/Summ      90%        N/A       1%          7
 Maxwell's Capacitive Co  Air            84%        ∞         1%          8
 Alistair's Intoxication  Tmut/Pois      56%        N/A       3%          5
 Blade Hands              Tmut           42%        N/A       3%          5
 Borgnjor's Vile Clutch   Necr/Erth      42%        N/A       3%          5
 Storm Form               Tmut/Air       69%        N/A       4%          7
 Discord                  Hex            79%        N/A       4%          8
 Monstrous Menagerie      Summ           67%        N/A       6%          7
 Summon Hydra             Summ           67%        N/A       6%          7
 Disjunction              Tloc           77%        N/A       6%          8
 Chain Lightning          Conj/Air       98%        3d130     14%         9
 Statue Form              Tmut/Erth      56%        N/A       21%         6
 Haunt                    Necr/Summ      57%        N/A       24%         7
 Lehudib's Crystal Spear  Conj/Erth      83%        10d18     26%         8
 Summon Horrible Things   Summ           67%        N/A       38%         8
 Fire Storm               Conj/Fire      94%        8d24      38%         9
 Polar Vortex             Ice            79%        N/A       45%         9
 Dragon Form              Tmut           42%        N/A       69%         7
 Dragon's Call            Summ           67%        N/A       99%         9
 Borgnjor's Revivificati  Necr           42%        N/A       100%        8
 Necromutation            Tmut/Necr      42%        N/A       100%        8
 Death's Door             Necr           42%        N/A       100%        9


Dungeon Overview and Level Annotations

Branches:
Dungeon (15/15)            Temple (1/1) D:6            Lair (6/6) D:10
  Swamp (4/4) Lair:3       Spider (1/4) Lair:4        Slime (0/5) Lair:5
    Orc (2/2) D:11            Elf (3/3) Orc:2        Vaults (5/5) D:13
  Crypt (0/3) Vaults:3     Depths (3/4) D:15          IceCv (visited)
Volcano (visited)

Altars:
Ashenzari
Cheibriados
Dithmenos
Elyvilon
Fedhas
Gozag
Hepliaklqana
Kikubaaqudgha
Makhleb
Nemelex Xobeh
Okawaru
Qazlal
Ru
Sif Muna
Trog
Uskayaw
Vehumet
Wu Jian
Xom
Yredelemnul
Zin
The Shining One
Beogh
Jiyva

Shops:
D:3 (=*   D:4 *   D:13 ?   Orc:1 [   Orc:2 !:([=   Elf:2 (   Elf:3 (
Vaults:2 :   Depths:1 **

Portals:
Hell: Depths:1 Depths:2 Depths:3
Abyss: Vaults:2 Depths:1 Depths:2 Depths:3
Pandemonium: Depths:2
Ziggurat: Depths:3

Annotations:
Elf:2 3 runed translucent doors
Elf:3 6 transporters
Vaults:2 2 transporters, crisisinutopia's ghost, adept MiFi
Depths:2 4 runed translucent doors, exclusion: downstairs, Biohon's ghost, adept DrMo; Firac's ghost, adept DgCj; Plog's ghost, adept DgCj; Tylulut's ghost, master DjIE; Viocziel's ghost, adept TrMo


Message History

You are caught in a web!
The jumping spider bites you.
* * * LOW HITPOINT WARNING * * *
The meliai calls down the wrath of its god upon you.
Something smites you!
* * * LOW HITPOINT WARNING * * *
In your confused state, you trip and fall back down the stairs.
* * * LOW HITPOINT WARNING * * *
The meliai hits you with a +0 falchion!
* * * LOW HITPOINT WARNING * * *
The meliai stings you!
* * * LOW HITPOINT WARNING * * *
You are poisoned.
The meliai poisons you! The tarantella touches you.
* * * LOW HITPOINT WARNING * * *
The demonic crawler barely misses you. The demonic crawler hits you!
* * * LOW HITPOINT WARNING * * *
The demonic crawler closely misses you.
The jumping spider barely misses you. x2
A wolf spider comes into view.
The tarantella touches you.
* * * LOW HITPOINT WARNING * * *
Unknown command.
Okay, then.
Unknown command.
Okay, then.
Unknown command.
You feel better.
The wolf spider hisses angrily.
The jumping spider pounces on you but does no damage.
The jumping spider bites you but does no damage.
The demonic crawler hits you but does no damage.
The demonic crawler hits you!
* * * LOW HITPOINT WARNING * * *
The demonic crawler hits you but does no damage.
The meliai barely misses you. The meliai stings you!
* * * LOW HITPOINT WARNING * * *
The tarantella touches you.
* * * LOW HITPOINT WARNING * * *
You are confused.
The demonic crawler barely misses you. The demonic crawler hits you!
You die...

.. .. #/
.s .. .#
#. s# ##
#. s##
....##.
..#
#..s#..#
#@y#
#s.s#
...##s.
#... ..#
#..#.
#.#
#..#.
... #.
#. #..
.# .. .#


You could see a demonic crawler, a wolf spider, an orb spider, a culicivora, a
jumping spider, a tarantella, a redback and a meliai.

Vanquished Creatures
  A juggernaut (Depths:3)
  Sojobo (Depths:3)
  Boris (Vaults:3)
  Frederick (Depths:3)
  Margery (Vaults:2)
  A caustic shrike (Depths:3)
  2 golden dragons (Depths:3)
  2 tentacled monstrosities
  3 liches
  A titan (Vaults:4)
  Asterion (Vaults:1)
  A deep elf master archer (Elf:3)
  The ghost of brae the Bludgeoner, an adept HuBe of Trog (D:15)
  Agnes (D:14)
  3 sphinxes
  4 tengu reavers (Depths:3)
  5 shadow dragons (Depths:2)
  A fenstrider witch (Swamp:4)
  Roxanne (Elf:3)
  4 fire giants
  3 frost giants
  Louise (Swamp:1)
  9 deep elf sorcerers
  9 vault wardens
  3 deep elf elementalists
  An iron dragon (Depths:1)
  13 ironbound preservers
  An orc warlord (Orc:1)
  3 ghouls (Swamp:4)
  2 stone giants
  2 war gargoyles (Vaults:3)
  6 eleionomae
  11 very ugly things
  A vampire knight (Depths:2)
  3 deep elf demonologists
  3 bunyips
  An entropy weaver (Vaults:1)
  4 deep elf annihilators (Elf:3)
  8 ironbound thunderhulks
  Azrael (Elf:1)
  The ghost of Hiywul the Fighter, a journeyman MiHu of Trog (Lair:4)
  4 spark wasps (Depths:3)
  7 dire elephants
  7 ettins
  The ghost of Kyusiynim the Covert, a journeyman GnEn (Lair:4)
  4 great orbs of eyes
  4 deep elf death magi
  A crystal guardian (Vaults:3)
  5 deep elf high priests
  Josephine (D:11)
  4 fire dragons
  2 green deaths (Swamp:4)
  6 boulder beetles
  10 yaktaur captains
  2 rakshasas
  Erolcha (Orc:2)
  2 catoblepae
  5 ironbound frosthearts
  3 hell beasts
  2 spriggan air magi (Depths:2)
  33 vault guards
  A peacekeeper (Vaults:3)
  Erica (Lair:2)
  2 ghost crabs (Swamp:4)
  2 ogre magi
  26 hydras
  14 centaur warriors
  9 ice dragons
  5 alligators
  3 death knights
  7 two-headed ogres
  3 vampire magi
  2 orc high priests
  2 deep troll earth magi
  15 dancing weapons
  14 death yaks
  7 tengu warriors
  A thrashing horror (Swamp:4)
  Urug (D:11)
  A hell hog (Depths:1)
  2 soul eaters
  A storm dragon zombie (Depths:2)
  6 deep elf knights
  9 hell knights
  2 salamander mystics (Depths:1)
  A fire crab (shapeshifter) (D:14)
  10 skeletal warriors
  2 titan skeletons (Depths:2)
  A fire crab (Lair:3)
  6 goliath frogs
  A storm dragon skeleton (Depths:2)
  An orb spider (Spider:1)
  A death drake (Swamp:2)
  2 flayed ghosts (Depths:2)
  3 glowing orange brains
  37 deep trolls
  10 swamp dragons
  17 ironbound convokers
  10 bog bodies
  5 deep elf archers (Elf:3)
  17 lindwurms
  11 wizards
  6 orc knights
  5 spriggan druids
  A lindwurm (shapeshifter) (Depths:3)
  12 harpies
  A mana viper (shapeshifter) (D:14)
  2 sphinx zombies (Depths:2)
  4 wolf spiders
  11 necromancers
  15 deep elf pyromancers
  11 deep elf zephyrmancers
  2 oklob plants
  13 orc sorcerers
  5 salamanders (Depths:1)
  19 cyclopes
  5 manticores
  3 will-o-the-wisps
  A shadow dragon skeleton (Vaults:4)
  6 black mambas
  48 ugly things
  A fire giant zombie (Depths:2)
  A manticore (shapeshifter) (D:15)
  21 elephants
  An iron dragon skeleton (Depths:2)
  A frost giant skeleton (Depths:2)
  The ghost of croobank the Skirmisher, a novice HOFi (D:4)
  An ice statue (IceCv)
  Joseph (D:9)
  14 vault sentinels
  A molten gargoyle (Volcano)
  A torpor snail (Lair:3)
  A gargoyle (D:13)
  3 orange demons (Swamp:4)
  A storm dragon simulacrum (Vaults:4)
  A kobold demonologist (D:12)
  18 cane toads
  A yaktaur zombie (Vaults:4)
  Psyche (D:9)
  4 komodo dragons
  5 rime drakes
  34 yaktaurs
  2 unseen horrors
  A yaktaur (shapeshifter) (D:14)
  A nameless horror (D:14)
  3 efreet
  The ghost of jr88keys the Shield-Bearer, a novice OpFi of Hepliaklqana (D:5)
  2 anaconda simulacra (IceCv)
  3 entropy weaver simulacra (IceCv)
  5 trolls
  3 freezing wraiths
  2 polar bears
  2 tengu conjurers (D:14)
  A meliai (Lair:4)
  10 tyrant leeches
  A bloated husk (Swamp:4)
  2 tarantellas
  7 hornets
  Prince Ribbit (Lair:2)
  23 blink frogs
  A dream sheep (shapeshifter) (Depths:2)
  55 slime creatures
  6 dream sheep
  9 jumping spiders
  An ettin skeleton (Vaults:4)
  5 culicivoras
  3 vampires (Vaults:3)
  2 shadows (Swamp:4)
  A centaur simulacrum (D:15)
  10 wraiths
  11 wyverns
  6 air elementals
  47 yaks
  9 spriggans
  13 fire elementals
  20 humans (D:13)
  6 water elementals
  A basilisk (shapeshifter) (D:14)
  8 basilisks
  A harpy simulacrum (IceCv)
  11 redbacks
  12 vampire mosquitoes
  8 wargs
  An acid dragon (D:11)
  14 swamp worms
  2 hell hounds (Elf:1)
  A large abomination (Swamp:4)
  18 water moccasins
  24 orc warriors
  9 swamp drakes
  A black bear (D:5)
  3 ice beasts
  A sky beast (D:4)
  15 ogres
  A boggart (D:15)
  3 necrophages
  6 wolves
  13 centaurs
  A phantom (D:5)
  5 kobold brigands
  15 bullfrogs
  A wyvern zombie (D:5)
  6 earth elementals
  2 gnoll sergeants (D:8)
  2 scorpions
  A scorpion (shapeshifter) (D:14)
  5 two-headed ogre simulacra (IceCv)
  3 water moccasin skeletons (D:5)
  2 elephant simulacra (IceCv)
  11 wights
  3 killer bees (D:10)
  4 electric eels
  2 bullfrog zombies (D:5)
  A centaur zombie (D:7)
  A centaur skeleton (D:5)
  4 jellies
  17 orc priests
  3 bullfrog skeletons
  6 hounds
  3 gnoll shamans
  7 hell rats (Lair:4)
  47 orc wizards
  2 iguanas (D:5)
  6 troll simulacra (IceCv)
  11 spriggan simulacra (IceCv)
  2 polar bear simulacra (IceCv)
  2 wolf simulacra (IceCv)
  A killer bee zombie (D:9)
  A howler monkey zombie (D:7)
  26 gnolls
  7 adders
  4 naga simulacra (IceCv)
  3 white imps
  4 ufetubi
  A worm (D:4)
  3 dart slugs
  82 orcs
  3 ball pythons
  7 endoplasms
  2 giant cockroaches
  11 hobgoblins
  4 jackals
  9 quokkas
  3 bats
  2 frilled lizards (D:5)
  12 goblins
  18 kobolds
  4 rats
  A ball lightning (Depths:2)
1591 creatures vanquished.

Vanquished Creatures (collateral kills)
  A manticore (D:13)
  2 cane toads (Lair:6)
  A blink frog (Lair:6)
  2 wolves (Lair:6)
  An orc wizard (Orc:1)
  6 ball lightnings
13 creatures vanquished.

Vanquished Creatures (others)
  A swamp dragon (Swamp:4)
  An orc wizard (Orc:1)
  80 ball lightnings
  2 foxfires (Swamp:4)
  485 fulminant prisms
  96 fungi
  202 plants
867 creatures vanquished.

Grand Total: 2471 creatures vanquished

Notes
Turn   | Place    | Note
-------+----------+-------------------------------------------
     0 | D:1      | pkoi the Deep Elf Conjurer began the quest for the Orb.
     0 | D:1      | Reached XP level 1. HP: 10/10 MP: 6/6
   410 | D:1      | Reached XP level 2. HP: 15/15 MP: 5/8
   784 | D:1      | Found a faded altar of an unknown god.
  1397 | D:2      | Learned a level 2 spell: Searing Ray
  1404 | D:2      | Reached skill level 5 in Conjurations
  1430 | D:2      | Found a bloodstained altar of Trog.
  1457 | D:2      | Reached XP level 3. HP: 19/19 MP: 7/9
  2445 | D:3      | Found Quat's Assorted Antiques.
  2500 | D:3      | Reached XP level 4. HP: 24/24 MP: 5/10
  2696 | D:3      | Found Mevihouhie's Weapon Boutique.
  2791 | D:3      | Found a bloodstained altar of Trog.
  2854 | D:3      | Reached skill level 1 in Evocations
  3078 | D:3      | Found Tiakhlad's Jewellery Shop.
  3094 | D:3      | Reached skill level 1 in Staves
  3094 | D:3      | Reached XP level 5. HP: 28/28 MP: 4/11
  3321 | D:3      | Learned a level 4 spell: Iskenderun's Mystic Blast
  4035 | D:4      | Found a runed translucent gate.
  4035 | D:4      | Found a runed translucent gate.
  4035 | D:4      | Found a runed translucent gate.
  4036 | D:4      | Noticed a centaur
  4041 | D:4      | Noticed croobank's ghost (novice HOFi)
  4096 | D:4      | Noticed a sky beast
  4099 | D:4      | Killed a sky beast
  4100 | D:4      | Reached skill level 1 in Translocations
  4100 | D:4      | Reached XP level 6. HP: 32/32 MP: 7/12
  4398 | D:4      | Found Peewal Vase's General Store.
  4404 | D:4      | Noticed an ice beast
  4414 | D:4      | Killed an ice beast
  4483 | D:4      | Bought a scroll of blinking for 75 gold pieces
  4512 | D:4      | Reached XP level 7. HP: 17/36 MP: 0/13
  4675 | D:4      | Found a sacrificial altar of Ru.
  4679 | D:4      | Found a shadowy altar of Dithmenos.
  4879 | D:4      | Became a worshipper of Ru the Awakened
  4897 | D:5      | Entered Level 5 of the Dungeon
  5454 | D:5      | Reached skill level 5 in Stealth
  5538 | D:5      | Found a transporter.
  5539 | D:5      | Found a transporter.
  5539 | D:5      | Noticed jr88keys's ghost (novice OpFi)
  5717 | D:5      | Reached skill level 5 in Dodging
  5868 | D:5      | Reached XP level 8. HP: 38/41 MP: 6/14
  6224 | D:5      | Learned a level 4 spell: Fulminant Prism
  6325 | D:5      | Reached skill level 1 in Hexes
  6710 | D:5      | Found a glowing silver altar of Zin.
  8359 | D:6      | Found a basalt altar of Yredelemnul.
  8437 | D:6      | Found an iron altar of Okawaru.
  8695 | D:6      | Found a burning altar of Makhleb.
  8739 | D:6      | Reached XP level 9. HP: 28/45 MP: 5/16
  9395 | D:6      | Found a staircase to the Ecumenical Temple.
  9404 | Temple   | Entered the Ecumenical Temple
  9730 | Temple   | Fell from the grace of Ru
  9730 | Temple   | Became a worshipper of Sif Muna the Loreminder
  9915 | D:6      | Reached skill level 5 in Translocations
 10522 | D:6      | Reached skill level 4 in Spellcasting
 11064 | D:7      | Identified the +1 hat of Fedarghon {rF+}
 11071 | D:7      | Identified a scroll of acquirement
 11071 | D:7      | Acquired the +0 hat of Snakes and Ladders {Int+3}
 11150 | D:7      | Reached skill level 5 in Hexes
 12863 | D:7      | Reached skill level 5 in Spellcasting
 13302 | D:7      | Reached * piety under Sif Muna
 13553 | D:8      | Found an ancient bone altar of Kikubaaqudgha.
 13984 | D:8      | Reached skill level 6 in Spellcasting
 14490 | D:8      | Reached XP level 10. HP: 50/50 MP: 16/21
 15412 | D:9      | Learned a level 1 spell: Apportation
 15417 | D:9      | Learned a level 4 spell: Passage of Golubria
 15447 | D:9      | Noticed Joseph
 15464 | D:9      | Killed Joseph
 15465 | D:9      | Reached skill level 1 in Fighting
 15465 | D:9      | Reached skill level 7 in Spellcasting
 15465 | D:9      | Reached skill level 10 in Conjurations
 15799 | D:9      | You fall into a shaft and drop 1 floor!
 15799 | D:10     | Entered Level 10 of the Dungeon
 15803 | D:10     | Found a staircase to the Lair.
 15943 | D:10     | Reached ** piety under Sif Muna
 16552 | D:9      | Noticed Psyche
 16558 | D:9      | Killed Psyche
 16645 | D:9      | Reached skill level 8 in Spellcasting
 17690 | D:10     | Found a sparkling altar of Nemelex Xobeh.
 18164 | D:10     | Reached XP level 11. HP: 59/59 MP: 12/25
 18812 | D:11     | Noticed a five-headed hydra
 18822 | D:11     | Killed a five-headed hydra
 19277 | D:11     | Reached skill level 9 in Spellcasting
 19522 | D:10     | Acquired 625 gold pieces
 19663 | D:3      | Bought a +6 ring of intelligence for 643 gold pieces
 19932 | D:11     | Noticed Josephine
 19956 | D:11     | Killed Josephine
 20077 | D:11     | Noticed a four-headed hydra
 20087 | D:11     | Killed a four-headed hydra
 20356 | D:11     | Found the +1 robe of Vines {NoPotionHeal Regen++++}
 20461 | D:11     | Found a staircase to the Orcish Mines.
 20484 | D:11     | Noticed Urug
 20488 | D:11     | Killed Urug
 20489 | D:11     | Reached skill level 10 in Hexes
 20783 | D:12     | Found the dreamshard necklace {*Dream Drain}
 20998 | D:12     | Noticed a death knight
 20998 | D:12     | Noticed a skeletal warrior
 21013 | D:12     | Killed a skeletal warrior
 21020 | D:12     | Killed a death knight
 21533 | D:12     | Reached *** piety under Sif Muna
 21534 | D:12     | Reached XP level 12. HP: 41/67 MP: 22/27
 21895 | D:12     | Reached skill level 1 in Invocations
 22215 | D:12     | Noticed a boulder beetle
 22241 | D:12     | Killed a boulder beetle
 22659 | Lair:1   | Entered Level 1 of the Lair of Beasts
 22663 | Lair:1   | Reached skill level 5 in Fighting
 23408 | Lair:1   | Found a blossoming altar of Fedhas.
 23676 | Lair:2   | Noticed Erica
 23741 | Lair:2   | Noticed Prince Ribbit
 23831 | Lair:2   | Killed Prince Ribbit
 24321 | Lair:2   | Learned a level 4 spell: Flame Wave
 24427 | Lair:2   | Reached skill level 10 in Dodging
 24860 | Lair:2   | Killed Erica
 25251 | Lair:3   | Reached skill level 10 in Spellcasting
 25448 | Lair:3   | Noticed an eight-headed hydra
 25455 | Lair:3   | Killed an eight-headed hydra
 25499 | Lair:3   | Found a staircase to the Swamp.
 25513 | Lair:3   | Found a dark tunnel.
 25518 | Volcano  | Entered a volcano
 26222 | Volcano  | Reached XP level 13. HP: 74/74 MP: 14/29
 27424 | Lair:3   | Reached skill level 5 in Invocations
 27532 | Lair:3   | Reached **** piety under Sif Muna
 27533 | Lair:3   | Reached skill level 11 in Spellcasting
 29198 | Lair:3   | Acquired the +0 pair of gloves of the Several Knaves {rElec
                  | Int+4 Dex+3}
 29234 | Lair:3   | Reached skill level 12 in Spellcasting
 32290 | Lair:4   | Reached skill level 1 in Fire Magic
 32375 | Lair:4   | Found a runed translucent gate.
 32375 | Lair:4   | Found a runed translucent gate.
 32375 | Lair:4   | Found a runed translucent gate.
 32376 | Lair:4   | Noticed Hiywul's ghost (journeyman MiHu)
 32382 | Lair:4   | Noticed Kyusiynim's ghost (journeyman GnEn)
 32847 | Lair:4   | Reached XP level 14. HP: 70/83 MP: 12/32
 33326 | Lair:4   | Reached ***** piety under Sif Muna
 34318 | Lair:4   | Found a hole to the Spider Nest.
 34680 | Lair:4   | Received a gift from Sif Muna
 34690 | Lair:4   | Learned a level 7 spell: Orb of Destruction
 35628 | Lair:5   | Found a frozen archway.
 35638 | IceCv    | Entered an ice cave
 37690 | IceCv    | Received a gift from Sif Muna
 37691 | IceCv    | Reached skill level 13 in Spellcasting
 38075 | IceCv    | Found the ring of the Mage {Wiz Archmagi}
 38296 | Lair:5   | Found a viscous altar of Jiyva.
 38522 | Lair:4   | Killed Kyusiynim's ghost
 38523 | Lair:4   | Killed Hiywul's ghost
 38802 | Lair:5   | Found a staircase to the Slime Pits.
 38921 | Lair:5   | Learned a level 7 spell: Spellforged Servitor
 38938 | Lair:5   | Reached skill level 1 in Summonings
 39884 | Lair:6   | Entered Level 6 of the Lair of Beasts
 40883 | Lair:6   | Reached skill level 14 in Spellcasting
 40908 | Lair:6   | Reached XP level 15. HP: 89/89 MP: 19/35
 40913 | Lair:6   | Received a gift from Sif Muna
 40914 | Lair:6   | Got Sif Muna's Disquisition on the Dislocated Volcanoes
                  | {god gift}
 41302 | Lair:5   | Learned a level 6 spell: Dispersal
 42312 | Lair:6   | Reached skill level 5 in Summonings
 42373 | Lair:6   | Found a basalt altar of Yredelemnul.
 42800 | Lair:6   | Learned a level 6 spell: Starburst
 44537 | D:13     | Found Bonadott's Magic Scroll Boutique.
 45529 | D:13     | Identified the +5 ring mail "Lufiull" {*Corrode rPois rC+}
 45961 | D:13     | Reached skill level 1 in Armour
 46570 | D:13     | Found a gate to the Vaults.
 46745 | D:4      | Killed croobank's ghost
 46912 | D:5      | Received a gift from Sif Muna
 46913 | D:5      | Killed jr88keys's ghost
 46914 | D:5      | Got Liran's Guide on Excruciating Evil {god gift}
 47527 | D:14     | Noticed Agnes
 47532 | D:14     | Killed Agnes
 47747 | D:14     | Reached skill level 5 in Fire Magic
 48716 | D:14     | Reached XP level 16. HP: 96/96 MP: 28/36
 48836 | D:14     | Reached skill level 15 in Spellcasting
 49296 | D:14     | Identified the +7 quarterstaff "Goblinslayer" {vorpal,
                  | Contam rF+++ Stlth+}
 49428 | D:14     | Acquired 663 gold pieces
 50153 | D:15     | Entered Level 15 of the Dungeon
 50709 | D:15     | Reached skill level 16 in Spellcasting
 51249 | D:15     | Found a runed translucent door.
 51251 | D:15     | Noticed brae's ghost (adept HuBe)
 51252 | D:15     | Identified the +6 trident "Idujuget" {freeze, *Noise rN+
                  | Int+2}
 51343 | D:15     | Reached skill level 17 in Spellcasting
 51975 | D:15     | Found a staircase to the Depths.
 52142 | D:15     | Killed brae's ghost
 52143 | D:15     | Reached skill level 18 in Spellcasting
 52601 | Orc:1    | Entered Level 1 of the Orcish Mines
 53049 | Orc:1    | Found Woel's Armour Emporium.
 53143 | Orc:1    | Received a gift from Sif Muna
 53280 | D:4      | Bought a +0 pair of boots for 45 gold pieces
 54103 | Orc:1    | Identified the +6 dire flail "Muzinwoc" {venom, Int+3 SInv}
 54108 | Orc:1    | Identified the +5 trident of Desperation {vorpal, Fly rPois
                  | rF+++ Str-4}
 54319 | Orc:1    | Reached skill level 10 in Invocations
 55188 | Orc:2    | Entered Level 2 of the Orcish Mines
 55412 | Orc:2    | Found a staircase to the Elven Halls.
 55754 | Orc:2    | Reached XP level 17. HP: 72/101 MP: 35/41
 55871 | Orc:2    | Learned a level 6 spell: Conjure Ball Lightning
 55900 | Orc:2    | Received a gift from Sif Muna
 55901 | Orc:2    | Got Xuarofuj's Reference Book on Hurtful Earth {god gift}
 55920 | Orc:2    | Learned a level 5 spell: Iskenderun's Battlesphere
 55955 | Orc:2    | Reached skill level 1 in Air Magic
 56026 | Orc:2    | Found a radiant altar of Vehumet.
 56049 | Orc:2    | Found Jaofut's Distillery.
 56057 | Orc:2    | Bought a potion of magic for 128 gold pieces
 56057 | Orc:2    | Bought a potion of heal wounds for 80 gold pieces
 56057 | Orc:2    | Bought a potion of magic for 128 gold pieces
 56074 | Orc:2    | Noticed Erolcha
 56076 | Orc:2    | Killed Erolcha
 56382 | Orc:2    | Found an ancient bone altar of Kikubaaqudgha.
 56389 | Orc:2    | Found Doqu Ress's Antique Weapon Boutique.
 56389 | Orc:2    | Found Zuduw's Book Shop.
 56413 | Orc:2    | Found Xaframod's Antique Armour Boutique.
 56438 | Orc:2    | Bought a smoking leather armour for 224 gold pieces
 56438 | Orc:2    | Identified the +2 leather armour of Ynlesias {-Tele rElec
                  | rN++ rCorr} (You bought it in a shop on level 2 of the
                  | Orcish Mines)
 56746 | Orc:2    | Found Worimnez's Jewellery Emporium.
 56917 | Orc:2    | Learned a level 7 spell: Ozocubu's Refrigeration
 57101 | Swamp:1  | Entered Level 1 of the Swamp
 57101 | Swamp:1  | Noticed Louise
 57106 | Swamp:1  | Killed Louise
 57107 | Swamp:1  | Reached skill level 15 in Conjurations
 57351 | Swamp:1  | Reached skill level 1 in Ice Magic
 60296 | Swamp:3  | Reached skill level 5 in Air Magic
 61593 | Spider:1 | Entered Level 1 of the Spider Nest
 61597 | Spider:1 | Reached skill level 5 in Ice Magic
 62139 | Swamp:4  | Entered Level 4 of the Swamp
 63111 | Swamp:4  | Received a gift from Sif Muna
 63117 | Swamp:4  | Got Sif Muna's Collected Works on Captivating Displacement
                  | {god gift}
 64205 | Swamp:4  | Noticed a tentacled monstrosity
 64209 | Swamp:4  | Killed a tentacled monstrosity
 64972 | Swamp:4  | Reached skill level 10 in Translocations
 64972 | Swamp:4  | Reached XP level 18. HP: 101/107 MP: 24/42
 66406 | Swamp:4  | Reached skill level 10 in Stealth
 66468 | Swamp:4  | Got a decaying rune of Zot
 66731 | Elf:1    | Entered Level 1 of the Elven Halls
 67001 | Elf:1    | Paralysed by an air elemental for 1 turns
 67095 | Elf:1    | Noticed Azrael
 67101 | Elf:1    | Killed Azrael
 67202 | Elf:1    | Received a gift from Sif Muna
 67203 | Elf:1    | Got Sif Muna's Collected Works on Displaced Weightlessness
                  | {god gift}
 67207 | Elf:1    | Learned a level 2 spell: Blink
 67396 | Elf:1    | You fall into a shaft and drop 1 floor!
 67974 | Elf:1    | Paralysed by an air elemental for 1 turns
 68701 | Elf:2    | Found a radiant altar of Vehumet.
 69194 | Elf:2    | Found Zaas's Weapon Boutique.
 69261 | Elf:2    | Found a runed translucent gate.
 69262 | Elf:2    | Found a runed translucent gate.
 69262 | Elf:2    | Found a runed translucent gate.
 69393 | Elf:3    | Entered Level 3 of the Elven Halls
 69470 | Elf:3    | Identified Roxanne's Reference Book on Transmutation
 69470 | Elf:3    | Noticed Roxanne
 69490 | Elf:3    | Reached skill level 10 in Ice Magic
 69732 | Elf:3    | Found Wismodgh's Weapon Boutique.
 69738 | Elf:3    | Found a transporter.
 69940 | Elf:3    | Found a transporter.
 69946 | Elf:3    | Found a transporter.
 69974 | Elf:3    | Found a transporter.
 70059 | Elf:3    | Found a transporter.
 70061 | Elf:3    | Found a transporter.
 70218 | Elf:3    | Killed Roxanne
 70511 | Elf:3    | Paralysed by an air elemental for 1 turns
 70515 | Elf:3    | Paralysed by an air elemental for 1 turns
 70779 | Elf:3    | Received a gift from Sif Muna
 70780 | Elf:3    | Got Sif Muna's Almanac of Warped Calling {god gift}
 71483 | Elf:3    | Found the +0 pair of fencer's gloves {Riposte Dex+3}
 71485 | Elf:3    | Got the Guide on the Frostbite and Dislocation
 71501 | Elf:3    | Got the Incunabulum of the Voyage and Earth
 71551 | Elf:3    | Identified the +7 quarterstaff "Xabrenk" {vorpal, Will+
                  | rCorr Str+4 Dex-3}
 72563 | Vaults:1 | Entered Level 1 of the Vaults
 72563 | Vaults:1 | Noticed Asterion
 72566 | Vaults:1 | Reached XP level 19. HP: 72/112 MP: 29/43
 72569 | Vaults:1 | Killed Asterion
 74000 | Vaults:1 | Reached skill level 10 in Air Magic
 74442 | Vaults:1 | Reached skill level 19 in Spellcasting
 75824 | Vaults:1 | Reached ****** piety under Sif Muna
 76199 | Vaults:1 | Received a gift from Sif Muna
 76200 | Vaults:1 | Got Sif Muna's Almanac of Companions {god gift}
 77088 | Vaults:2 | Found Mapreawn's Book Boutique.
 78301 | Vaults:2 | Reached skill level 10 in Fighting
 78660 | Vaults:2 | Noticed a hellephant
 78662 | Vaults:2 | Noticed crisisinutopia's ghost (adept MiFi)
 78671 | Vaults:2 | Found a transporter.
 78681 | Vaults:2 | Found a transporter.
 78720 | Vaults:2 | Reached XP level 20. HP: 117/117 MP: 31/45
 78764 | Vaults:2 | Noticed Margery
 78767 | Vaults:2 | Killed Margery
 79681 | Vaults:2 | Found a one-way gate to the infinite horrors of the Abyss.
 80340 | Vaults:3 | Noticed Boris
 80362 | Vaults:3 | Killed Boris
 80789 | Vaults:3 | Received a gift from Sif Muna
 80790 | Vaults:3 | Got Sif Muna's Tome of Dislocated Attacks {god gift}
 81691 | Vaults:3 | Found a staircase to the Crypt.
 82081 | Vaults:3 | Reached skill level 20 in Spellcasting
 82310 | Vaults:3 | Reached skill level 10 in Fire Magic
 83715 | Vaults:4 | Received a gift from Sif Muna
 83716 | Vaults:4 | Got Sif Muna's Disquisition on the Oath and Summoning {god
                  | gift}
 85721 | Vaults:5 | Entered Level 5 of the Vaults
 85725 | Vaults:5 | Received a gift from Sif Muna
 85726 | Vaults:5 | Reached XP level 21. HP: 62/123 MP: 21/47
 85931 | Vaults:5 | Got Sif Muna's Tome of Beguiling {god gift}
 86191 | Depths:1 | Entered Level 1 of the Depths
 86203 | Depths:1 | Reached skill level 5 in Armour
 86738 | Depths:1 | Found Vaeg's Neck Hole.
 86767 | Depths:1 | Found a gateway to Hell.
 87388 | Depths:1 | Found an opulent altar of Gozag.
 87432 | Depths:1 | Found Gozag's Platinum Reserve.
 87686 | Depths:2 | Found a runed translucent door.
 87704 | Depths:2 | Reached skill level 15 in Air Magic
 87717 | Depths:2 | HP: 6/124 [spriggan air mage/the air (18)]
 88318 | Depths:2 | Reached skill level 15 in Dodging
 88841 | Depths:2 | Found a one-way gate leading to the halls of Pandemonium.
 89709 | Depths:2 | Got Cigotuvi's Volume of Unholy Arts
 89838 | Depths:2 | Received a gift from Sif Muna
 89845 | Depths:2 | Got Sif Muna's Papyrus of Confrontation and Air {god gift}
 90242 | Depths:2 | Found a runed translucent gate.
 90242 | Depths:2 | Found a runed translucent gate.
 90242 | Depths:2 | Found a runed translucent gate.
 90242 | Depths:2 | Noticed Viocziel's ghost (adept TrMo)
 90243 | Depths:2 | Noticed Firac's ghost (adept DgCj)
 90243 | Depths:2 | Noticed Tylulut's ghost (master DjIE)
 90243 | Depths:2 | Noticed Biohon's ghost (adept DrMo)
 90243 | Depths:2 | Noticed Plog's ghost (adept DgCj)
 90351 | Depths:2 | Reached skill level 21 in Spellcasting
 90724 | Depths:3 | Noticed Sojobo
 90736 | Depths:2 | Noticed a golden dragon
 91444 | Depths:3 | Killed Sojobo
 91553 | Depths:3 | Noticed Frederick
 91603 | Depths:3 | Killed Frederick
 92128 | Depths:3 | Found a one-way gateway to a ziggurat.
 92154 | Depths:3 | Noticed a golden dragon
 92154 | Depths:3 | Noticed a juggernaut
 92162 | Depths:3 | Noticed a caustic shrike
 92165 | Depths:3 | Killed a caustic shrike
 92171 | Depths:3 | Killed a golden dragon
 92175 | Depths:3 | Killed a juggernaut
 92232 | Depths:3 | Noticed a golden dragon
 92238 | Depths:3 | Killed a golden dragon
 92746 | Spider:1 | HP: 5/124 [tarantella (3)]
 92746 | Spider:1 | Mangled by a demonic crawler

Illustrated notes

Levels and vault maps discovered:
D:1:      minmay_arrival_nine_rooms, layout_basic,
          ebering_ecumenical_altar_hall, serial_forest,
          infiniplex_forest_straight_4, infiniplex_forest_straight_2,
          infiniplex_forest_clump_tiny, infiniplex_forest_lined_room_3,
          infiniplex_forest_corner_1, infiniplex_forest_straight_2,
          serial_park_tiny_2, grunt_decor_arrowhead, minmay_misc_feat_room,
          minmay_bisected
D:2:      layout_rooms, basic_altar
D:3:      layout_basic, trog_antimagical, serial_shops, shop, shop_statue, shop,
          grunt_decor_cap, minmay_crystal_room, grunt_decor_one_mirror
D:4:      layout_rooms, grunt_temple_overflow_open, serial_shops,
          nicolae_diamond_shop, gammafunk_ghost_split
D:5:      layout_basic, marbit_many_paths, gammafunk_ghost_mausoleum,
          lexackson_kobold_supper
D:6:      layout_rooms, lemuel_crystal_altar, kennysheep_okawaru_gauntlet,
          mainiacjoe_overflow_24_doors, minmay_temple_entry_water_ring,
          kennysheep_dice
D:7:      layout_cave_pools
D:8:      layout_loops_corners, overflow_temple_1_default
D:9:      layout_roguey, minivault_25, kennysheep_nondescript, uniq_joseph,
          uniq_psyche
D:10:     layout_big_octagon, nemelex_diamond_rough_becter
D:11:     layout_loops_ring, erik_orc_3, hellmonk_guarded_unrand_vines,
          uniq_urug, uniq_josephine
D:12:     layout_gridville
D:13:     layout_roguey, grunt_vaults_entry_tiered, serial_shops, shop
D:14:     lemuel_traditional_vault, layout_basic, grunt_decor_resistance,
          uniq_agnes
D:15:     hangedman_depths_entry_civil_slaughter, layout_small_grid,
          serial_rivers, chequers_serial_rivers_marsh,
          chequers_serial_rivers_large_b, chequers_serial_rivers_micro_a,
          chequers_serial_rivers_room_b, ebering_ghost_funeral_grove
Temple:   oiseaux_autumnal_temple
Lair:1:   layout_regular_city, tgw_fedhas, serial_bayou_shore_b,
          grunt_megastairs_3
Lair:2:   layout_long_grid, uniq_erica, uniq_prince_ribbit2
Lair:3:   wad_woods_structure_01, layout_long_grid, minmay_swamp_entry_swarm,
          nicolae_volcano_entry_s_turn, nzn_random_ring
Lair:4:   layout_layer_cave, nicolae_spider_entry_tight_spaces,
          gammafunk_ghost_cemetery, nicolae_lair_grove_arrangements,
          patterned_corridor, serial_bayou_shore_b, grunt_megastairs_4,
          lemuel_fruit_fields
Lair:5:   layout_cave_pods, slime_altar_1, portal_ice_cave_rime,
          minmay_lindwurm_lava
Lair:6:   minmay_lair_end_frog_pond, layout_long_grid, basic_altar
Swamp:1:  layout_basic_swamp, serial_swamp_ruin, evilmike_swamp_ruin_house_6,
          evilmike_swamp_ruin_rubble_2, infiniplex_staircase_pool_2, uniq_louise
Swamp:2:  layout_falls_marsh, nicolae_swamp_rocky_clearing
Swamp:3:  layout_basic_swamp, nicolae_swamp_long_stream, swamp_pool1,
          nicolae_swamp_bean_lake, infiniplex_staircase_pool
Swamp:4:  swamp_vile, layout_basic_swamp, swamp_pool5, ldierk_geyser,
          nicolae_swamp_dragon_and_kin
Spider:1: layout_spider_delve
Orc:1:    giant_chief_lemuel, layout_diamond_mine, serial_shops,
          nicolae_square_shop
Orc:2:    kennysheep_orc_mage_school, layout_diamond_mine, basic_altar,
          serial_shops, shop
Elf:1:    nicolae_elf_arrival_no_cutting_in_line, layout_onion_city, uniq_aizul,
          uniq_azrael
Elf:2:    nicolae_elf_blades_crystal_corner, layout_gridlike, serial_shops,
          shop, basic_altar, minivault_25_ag
Elf:3:    minmay_elf_hall_spiked, layout_geoelf_octagon, serial_shops,
          nicolae_shop_bloodbath_and_beyond, serial_nicolae_subway,
          nicolae_sub_station_metal, nicolae_sub_station_stone,
          nicolae_sub_station_crystal, uniq_roxanne
Vaults:1: grunt_vaults_trifunnel, grunt_vaults_hallway_long,
          nicolae_vaults_border_crossing, v_misc_24, ontoclasm_vaults_spin,
          hangedman_vaults_stitches, hangedman_vaults_hat,
          hangedman_vaults_slice, ontoclasm_vaults_decontamination,
          nicolae_vaults_little_squares_1, nicolae_vaults_little_squares_5,
          nicolae_vaults_little_squares_3, vaults_dpeg_ring,
          layout_vaults_omnicross, uniq_asterion
Vaults:2: gammafunk_ghost_abyssal_escape, grunt_vaults_hallway_short,
          nicolae_vaults_circle_grid_b, v_rooms_3, v_pattern_5, v_rooms_4,
          vaults_room_corners, ontoclasm_vaults_gallery,
          layout_vaults_chaotic_city, serial_shops, nicolae_shop_hallway_plus,
          uniq_margery
Vaults:3: v_alt_pattern_6, v_misc_5, hangedman_vaults_trim, vaults_dpeg_cross,
          v_alt_pattern_6, minmay_crypt_entry_vampire_xt, vaults_mumra_chevron,
          vaults_standard_mumra_x, grunt_vaults_focal,
          nicolae_vaults_little_squares_4, ontoclasm_vaults_ring_small,
          vaults_room_hallway, vaults_room_pool, nicolae_vaults_little_ls,
          v_misc_13, layout_vaults_ring, serial_shops, uniq_boris
Vaults:4: grunt_vaults_hallway_long, v_misc_29, vaults_room_hangedman_quadrants,
          vaults_dpeg_spiral, ontoclasm_vaults_pinch, v_misc_10,
          nicolae_vaults_rhombus_6, ontoclasm_vaults_ligature,
          layout_vaults_quadrants
Vaults:5
Depths:1: layout_basic, grunt_mini_vestibule, nicolae_gozag_zags_fifth_avenue,
          nicolae_abyss_entry_one_way_or_another, corexii_hall_statues_l,
          nicolae_shop_sticking_my_neck_out
Depths:2: minmay_connected_triangles_in_corner, layout_gridville, special_room
          [special_room_morgue], abyss_entry_small_statue_room,
          minmay_misc_feat_enclosed, hell_entry, gammafunk_ghost_cemetery,
          pan_entry, kennysheep_treasure_room, infiniplex_staircase_pool_1
Depths:3: minmay_sliced_demisemicircle, layout_basic, enter_ziggurat_f,
          serial_shops, bzr_entry_lakeside, solitary_fountain, abyss_entry,
          hell_entry, uniq_frederick, uniq_sojobo

Skill      XL: |  1  2  3  4  5  6  7  8  9 10 11 12 13 14 15 16 17 18 19 20 21 |
---------------+----------------------------------------------------------------+-----
Stealth        | 3 4 5 6 7 9 12 13 | 13.0
Dodging        | 3 4 5 6 7 9 10 12 13 14 15 | 15.0
Conjurations   | 5 6 7 8 9 10 11 12 13 14 15 17 | 17.1
Evocations     | 1 2 3 |  3.0
Staves         | 1 2 3 |  3.0
Translocations | 1 2 3 4 6 7 8 10 12 | 12.3
Hexes          | 4 6 8 10 11 12 13 | 13.1
Spellcasting   | 6 8 9 10 12 14 18 19 20 21 | 21.1
Fighting       | 2 4 6 7 8 9 10 | 10.9
Invocations    | 4 7 9 10 | 10.2
Fire Magic     | 2 3 5 8 9 10 | 10.9
Summonings     | 4 6 7 |  7.2
Armour         | 2 3 4 5 |  5.7
Air Magic      | 6 8 14 16 | 16.2
Ice Magic      | 8 11 12 13 | 13.5

Action                   |  1- 3 |  4- 6 |  7- 9 | 10-12 | 13-15 | 16-18 | 19-21 || total
-------------------------+-------+-------+-------+-------+-------+-------+-------++-------
Melee: Staff             |       |     8 |     3 |    12 |    13 |    10 |       ||    46
       Punch             |       |       |       |     1 |     1 |       |       ||     2
 Cast: Magic Dart        |    80 |    60 |   215 |   138 |    70 |   126 |     3 ||   692
       Searing Ray       |       |     5 |    22 |     5 |     2 |       |       ||    34
       Iskenderun's Myst |       |     1 |    33 |   128 |   218 |   108 |   106 ||   594
       Fulminant Prism   |       |       |     6 |    67 |   191 |   124 |    97 ||   485
       Flame Wave        |       |       |       |       |    23 |       |       ||    23
       Orb of Destructio |       |       |       |       |    32 |   148 |   158 ||   338
       Apportation       |       |       |       |       |     7 |     2 |     1 ||    10
       Starburst         |       |       |       |       |    22 |   102 |    14 ||   138
       Spellforged Servi |       |       |       |       |     5 |     2 |       ||     7
       Conjure Ball Ligh |       |       |       |       |       |    38 |     3 ||    41
       Iskenderun's Batt |       |       |       |       |       |    15 |     2 ||    17
       Ozocubu's Refrige |       |       |       |       |       |     2 |   194 ||   196
       Blink             |       |       |       |       |       |       |     8 ||     8
Invok: Channel Magic     |       |       |       |     1 |     2 |     1 |       ||     4
       Forget Spell      |       |       |       |       |       |     1 |       ||     1
Evoke: Phantom mirror    |       |       |       |       |       |       |     1 ||     1
  Use: Potion            |     1 |       |     1 |       |       |     2 |     2 ||     6
       Scroll            |       |     6 |    10 |     8 |    11 |     3 |     3 ||    41
 Stab: Sleeping          |       |       |       |       |       |     1 |       ||     1
Armor: Robe              |       |     3 |    16 |    14 |    29 |    17 |    13 ||    92
       Ring mail         |       |       |       |       |     3 |       |       ||     3
Dodge: Dodged            |     2 |    20 |    62 |    68 |   106 |   114 |    92 ||   464
